 Dungeon Crawl Stone Soup version 0.28.0-53-g5a82cb258f (webtiles) character file.

Game seed: 3854969756419671059

12054 PuuKala the Grappler (level 11, 0/92 HPs)
             Began as a Pale Draconian Transmuter on Aug 18, 2022.
             Was a High Priest of Sif Muna.
             Slain by a cane toad (11 damage)
             ... on level 2 of the Lair of Beasts on Aug 19, 2022.
             The game lasted 00:55:36 (12834 turns).

PuuKala the Grappler (Pale Draconian Transmuter)   Turns: 12834, Time: 00:55:37

Health: 0/92       AC:  9    Str: 23    XL:     11   Next: 57%
Magic:  18/20      EV: 18    Int: 14    God:    Sif Muna [*****.]
Gold:   686        SH:  5    Dex: 11    Spells: 16/22 levels left

rFire   . . .      SeeInvis .     - Unarmed
rCold   . . .      Faith    .   (no shield)
rNeg    . . .      Spirit   .   (armour unavailable)
rPois   .          Reflect  +   (helmet currently unavailable)
rElec   .          Harm     .   l - +0 cloak
rCorr   .          Rampage  .   C - +0 pair of gloves
Will    .....                   (boots currently unavailable)
Stlth   +.........              u - amulet of reflection
HPRegen 0.25/turn               g - +4 ring of evasion
MPRegen 0.17/turn               y - +6 ring of strength

@: short of breath, appendages, wereblooded
A: horns 2, talons 2, breathe steam, AC +7, unfitting armour, cold-blooded,
steam resistance
a: Breathe Steam, End Transformation, Renounce Religion, Channel Magic, Forget
Spell, Divine Exegesis


You were on level 2 of the Lair of Beasts.
You worshipped Sif Muna.
Sif Muna was extremely pleased with you.
You had temporarily grown beastly horns and talons.
You visited 2 branches of the dungeon, and saw 12 of its levels.
You also visited: Sewer.

You collected 686 gold pieces.

Inventory:

Missiles
 v - 2 throwing nets
Armour
 l - a +0 cloak (worn)
 m - a +2 hat (melded)
 C - a +0 pair of gloves (worn)
Jewellery
 g - a +4 ring of evasion (left hand)
 r - a ring of fire
 u - an amulet of reflection (around neck)
 y - a +6 ring of strength (right hand)
 D - a ring of magical power
 E - an amulet of regeneration
 F - a ring of positive energy
Wands
 i - a wand of digging (2)
 n - a wand of charming (16) (quivered)
 s - a wand of polymorph (8)
 t - a wand of flame (51)
Scrolls
 b - 3 scrolls of enchant weapon
 e - 3 scrolls of magic mapping
 h - 5 scrolls of teleportation
 k - 3 scrolls of blinking
 p - 2 scrolls of fear
 q - 3 scrolls of immolation
 w - 2 scrolls of identify
 H - a scroll of fog
Potions
 a - a potion of lignification
 c - 5 potions of curing
 d - 2 potions of haste
 f - 6 potions of ambrosia
 j - 2 potions of heal wounds
 o - 2 potions of invisibility
 x - 2 potions of attraction
 z - a potion of flight
 A - a potion of berserk rage {unknown}
 B - a potion of might {unknown}
 G - 2 potions of brilliance {unknown}
 I - a potion of cancellation {unknown}


   Skills:
 + Level 7.4 Fighting
 + Level 6.3 Dodging
 * Level 10.0 Unarmed Combat
 + Level 6.3 Spellcasting
 * Level 9.8 Transmutations
 + Level 6.4 Air Magic


You had 16 spell levels left.
You knew the following spells:

 Your Spells              Type           Power      Damage    Failure   Level
a - Beastly Appendage     Tmut           62%        N/A       1%          1
b - Wereblood             Tmut           31%        N/A       1%          2
c - Spider Form           Tmut/Pois      18%        N/A       6%          3

Your spell library contained the following spells:

 Spells                   Type           Power      Damage    Failure   Level
 Magic Dart               Conj           16%        1d3       16%         1
 Ice Form                 Ice/Tmut       18%        N/A       21%         4
 Blink                    Tloc           8%         N/A       22%         2
 Searing Ray              Conj           8%         2d4       22%         2
 Fulminant Prism          Conj/Hex       2%         3d6       83%         4
 Iskenderun's Mystic Bla  Conj/Tloc      4%         2d3       83%         4
 Freezing Cloud           Conj/Ice/Air   5%         6-21      87%         5
 Eringya's Noxious Bog    Tmut/Pois      9%         N/A       97%         6
 Manifold Assault         Tloc           4%         N/A       99%         5
 Summon Forest            Summ/Tloc      2%         N/A       99%         5
 Storm Form               Tmut/Air       13%        N/A       99%         7
 Simulacrum               Ice/Necr       2%         N/A       100%        6
 Orb of Destruction       Conj           2%         9d5       100%        7
 Summon Hydra             Summ           2%         N/A       100%        7
 Chain Lightning          Conj/Air       6%         3d8       100%        9
 Fire Storm               Conj/Fire      2%         8d1       100%        9
 Polar Vortex             Ice            2%         N/A       100%        9


Dungeon Overview and Level Annotations

Branches:
Dungeon (10/15)            Temple (0/1) D:5            Lair (2/6) D:8
    Orc (0/2) D:10          Sewer (visited)
  Swamp: Lair:2-4    Shoals: Lair:2-4     Snake: Lair:2-4    Spider: Lair:2-4

Altars:
Ru
Sif Muna
Beogh

Shops:
D:1 (   D:3 ?*

Annotations:
Lair:2 Gastronok


Innate Abilities, Weirdness & Mutations

You have temporarily grown beastly horns and talons.
You can breathe blasts of scalding, opaque steam.
Your pale cyan-grey scales are hard. (AC +7)
You cannot fit into any form of body armour.
You are cold-blooded and may be slowed by cold attacks.
You are immune to the effects of steam.


Message History

The water moccasin completely misses you.
The bat misses you.
You feel sick.
You are no longer poisoned.
The bat misses you. The cane toad misses you.
The rat bites the plant.
The plant begins to die.
Your transformation has ended.
Your +0 cloak unmelds from your body.
Your +2 hat unmelds from your body.
Your +0 pair of gloves unmelds from your body.
The cane toad completely misses you. The bat barely misses you.
You bump into the rock wall.
You feel less invigorated.
You feel less confused. The bat misses you. You block the bat's attack.
The cane toad stings you.
* * * LOW HITPOINT WARNING * * *
The bat completely misses you.
Aiming: Breathe Steam (1% risk of failure)
Press: ? - help, Shift-Dir - straight line, f/p - Gastronok
Aim: Gastronok, wearing the +3 hat of Pondering {ponderous, Will+ MP+10 Int+5} (severely wounded, covering ground quickly, very poisoned, 100% to hit)
You exhale a blast of scalding steam.
The ball of steam misses the bat.
The ball of steam hits the water moccasin!
The water moccasin is heavily wounded.
A nearby plant withers and dies.
The bat is engulfed in a cloud of scalding steam.
The bat misses you.
The water moccasin is engulfed in a cloud of scalding steam.
The bat is engulfed in a cloud of scalding steam.
You kill the bat!
The bat's corpse disappears in a puff of smoke!
The water moccasin is engulfed in a cloud of scalding steam.
You kill the water moccasin!
Sif Muna accepts your kill.
Casting: Spider Form (mildly dangerous; 6% risk of failure)
Confirm with . or Enter, or press ? or * to list all spells.
Your blood is infused with primal strength.
You block the cane toad's attack. The cane toad closely misses you.
Casting: Wereblood (safe; 1% risk of failure)
Confirm with . or Enter, or press ? or * to list all spells.
You grow a pair of large bovine horns.
Your feet morph into talons.
Your +2 hat melds into your body.
The cane toad stings you!
You die...

........# .....
........## ...
.........#### ...
..##....#..## ... #
##........ #.# #.....†..
#.# ##...#### #.# ##...#
# #@# #####....####
#######F####.P##........
.......§r...............
........................
#.##P##wP.##.........###
## #§.....P..##..##
#w§.....####...#
#####...P...#P#....###
##....................#


You could see Gastronok (swift, very poisoned), a cane toad and a river rat
(summoned).

Vanquished Creatures
  Snorg (D:10)
  An ugly thing (D:10)
  A torpor snail (Lair:2)
  A rime drake (Lair:1)
  3 komodo dragons
  A troll (D:7)
  A queen bee (D:9)
  Grinder (D:5)
  A shadow (D:10)
  8 yaks
  A wraith (D:8)
  3 wyverns
  A basilisk (Lair:2)
  An acid dragon (D:10)
  8 water moccasins
  6 orc warriors
  3 ogres
  A necrophage (D:6)
  9 wolves (Lair:2)
  4 centaurs
  7 kobold brigands
  5 bullfrogs
  A gnoll sergeant (D:8)
  A scorpion (D:4)
  A wyvern zombie (D:7)
  A water moccasin zombie (D:6)
  30 killer bees
  14 wights
  2 howler monkeys
  3 centaur zombies
  2 jellies
  5 orc priests
  Crazy Yiuf (D:4)
  2 centaur skeletons
  A gnoll shaman (D:9)
  A hound (D:5)
  Natasha (thrice) (D:2)
  4 iguanas
  3 orc wizards
  A howler monkey zombie (D:9)
  17 gnolls
  12 adders
  3 river rats
  2 shadow imps
  A white imp (D:6)
  2 ufetubi
  An adder skeleton (D:4)
  7 worms
  2 dart slugs
  27 orcs
  6 bats
  12 endoplasms
  2 giant cockroaches
  7 goblins
  11 hobgoblins
  3 jackals
  18 kobolds
  2 quokkas
  12 ball pythons
  A frilled lizard (D:3)
  8 rats
300 creatures vanquished.

Vanquished Creatures (others)
  11 fungi
  11 plants
22 creatures vanquished.

Grand Total: 322 creatures vanquished

Notes
Turn   | Place    | Note
-------+----------+-------------------------------------------
     0 | D:1      | PuuKala the Draconian Transmuter began the quest for the
                  | Orb.
     0 | D:1      | Reached XP level 1. HP: 16/16 MP: 3/3
    44 | D:1      | You fall into a shaft and drop 1 floor!
   212 | D:1      | Reached XP level 2. HP: 23/23 MP: 3/5
   731 | D:1      | Found Poczoggu's Antique Weapon Shop.
   824 | D:1      | Found a faded altar of an unknown god.
   831 | D:1      | Prayed at the altar of an unknown god.
   831 | D:1      | Became a worshipper of Sif Muna the Loreminder
   831 | D:1      | Reached * piety under Sif Muna
  1056 | D:2      | Reached XP level 3. HP: 25/29 MP: 6/6
  1057 | D:2      | Noticed Natasha
  1068 | D:2      | Killed Natasha
  1130 | D:2      | Noticed Natasha
  1296 | D:2      | Killed Natasha
  1297 | D:2      | Reached XP level 4. HP: 35/36 MP: 5/7
  1526 | D:2      | Noticed Natasha
  1542 | D:2      | Killed Natasha
  1755 | D:2      | Reached XP level 5. HP: 40/42 MP: 6/8
  1980 | D:3      | Found Dewnal's Assorted Antiques.
  1987 | D:3      | Found Puoguva's Magic Scroll Emporium.
  2047 | D:3      | Reached skill level 4 in Unarmed Combat
  2628 | D:3      | Reached ** piety under Sif Muna
  2917 | D:4      | Noticed an ogre
  2924 | D:4      | Killed an ogre
  2925 | D:4      | Reached XP level 6. HP: 29/50 MP: 8/10
  3610 | D:4      | Your scales start taking on a pale cyan-grey colour.
  3610 | D:4      | Reached XP level 7. HP: 39/57 MP: 11/11
  3610 | D:4      | Gained mutation: You are immune to the effects of steam.
                  | [Pale Draconian growth]
  3714 | D:4      | Learned a level 2 spell: Wereblood
  3781 | D:4      | Found a runed translucent door.
  3782 | D:4      | Noticed Crazy Yiuf
  4270 | D:4      | Killed Crazy Yiuf
  4388 | D:5      | Entered Level 5 of the Dungeon
  4432 | D:5      | Reached skill level 5 in Unarmed Combat
  4500 | D:5      | Found a staircase to the Ecumenical Temple.
  4613 | D:5      | Found a glowing drain.
  4613 | D:5      | Noticed Grinder
  4629 | D:5      | Paralysed by Grinder for 2 turns
  4631 | D:5      | Killed Grinder
  4632 | D:5      | Reached skill level 1 in Air Magic
  4865 | D:5      | Reached skill level 5 in Transmutations
  4945 | Sewer    | Entered a sewer
  5176 | Sewer    | Reached XP level 8. HP: 66/66 MP: 13/13
  5219 | Sewer    | Reached *** piety under Sif Muna
  5666 | Sewer    | Reached skill level 6 in Unarmed Combat
  7330 | D:7      | Reached XP level 9. HP: 54/70 MP: 12/15
  7330 | D:7      | Noticed a troll
  7487 | D:7      | Killed a troll
  7488 | D:7      | Reached skill level 5 in Fighting
  7488 | D:7      | Reached skill level 7 in Unarmed Combat
  7642 | D:7      | Reached **** piety under Sif Muna
  8637 | D:8      | Reached skill level 5 in Spellcasting
  8644 | D:8      | Reached skill level 5 in Dodging
  8650 | D:8      | Reached skill level 8 in Unarmed Combat
  8731 | D:8      | Reached XP level 10. HP: 71/83 MP: 13/17
  9047 | D:8      | Found a staircase to the Lair.
  9312 | D:8      | Identified the +6 scale mail of Lifelessness {rF++ Dex-2
                  | SInv}
  9528 | D:9      | Reached ***** piety under Sif Muna
  9614 | D:9      | Received a gift from Sif Muna
  9632 | D:9      | Got Sif Muna's Collected Works on Attacks {god gift}
  9929 | D:9      | Reached skill level 5 in Air Magic
 10250 | D:10     | Entered Level 10 of the Dungeon
 10296 | D:10     | Noticed Snorg
 10322 | D:10     | Killed Snorg
 10323 | D:10     | Reached skill level 9 in Unarmed Combat
 10402 | D:10     | Found a staircase to the Orcish Mines.
 10769 | D:10     | Noticed a brown ugly thing
 10795 | D:10     | Killed a brown ugly thing
 10810 | D:10     | Reached XP level 11. HP: 91/91 MP: 16/19
 11076 | D:10     | Found a sacrificial altar of Ru.
 11136 | Lair:1   | Entered Level 1 of the Lair of Beasts
 11609 | Lair:1   | Learned a level 3 spell: Spider Form
 12731 | Lair:2   | Reached skill level 10 in Unarmed Combat
 12802 | Lair:2   | Noticed Gastronok
 12826 | Lair:2   | HP: 4/92 [poisoned by a water moccasin]
 12834 | Lair:2   | Slain by a cane toad

Illustrated notes

Levels and vault maps discovered:
D:1:      dpeg_arrival_three_smaller_balls, layout_basic,
          dreamdust_ecumenical_altar_hidden_monk_grotto, serial_shops, shop,
          minmay_3d_cube
D:2:      layout_basic, uniq_natasha
D:3:      minmay_razor_zed, layout_loops_ring, serial_shops, shop,
          nicolae_shop_stone, minmay_unequal
D:4:      layout_basic, uniq_crazy_yiuf_cottage
D:5:      layout_basic, minmay_temple_entry_waves,
          cheibrodos_sewer_entry_sluice, minmay_misc_feat_square, uniq_grinder
D:6:      layout_basic, corexii_corridor_pit
D:7:      layout_rooms
D:8:      kennysheep_six_static_rooms, layout_basic, dpeg_oklobed_lair
D:9:      layout_rooms, minivault_7
D:10:     layout_small_grid, nicolae_ru_the_path_less_chosen,
          minmay_orc_entry_temple_small, uniq_snorg
Lair:1:   layout_chaotic_city
Lair:2:   layout_gridlike, chequers_serial_rivers_micro_e, minivault_26,
          uniq_gastronok

Skill      XL: |  1  2  3  4  5  6  7  8  9 10 11 |
---------------+----------------------------------+-----
Dodging        | 2 3 4 5 6 |  6.3
Fighting       | 2 3 4 5 6 7 |  7.4
Transmutations | 3 4 5 6 7 9 |  9.8
Unarmed Combat | 4 5 6 8 9 10 | 10.0
Spellcasting   | 3 4 5 6 |  6.3
Air Magic      | 1 3 4 5 6 |  6.4

Action                   |  1- 3 |  4- 6 |  7- 9 | 10-12 || total
-------------------------+-------+-------+-------+-------++-------
Melee: Unarmed           |    61 |   178 |   154 |   161 ||   554
       Kick              |    15 |    44 |    31 |    28 ||   118
       Tailslap          |     6 |    14 |    12 |    12 ||    44
       Punch             |     2 |     5 |     3 |     7 ||    17
       Headbutt          |     3 |    23 |    28 |    22 ||    76
 Cast: Beastly Appendage |    20 |    34 |    33 |    24 ||   111
       Wereblood         |       |       |    21 |    19 ||    40
       Spider Form       |       |       |       |     7 ||     7
 Abil: Breathe Steam     |       |       |    72 |    68 ||   140
Evoke: Wand              |       |       |     3 |       ||     3
  Use: Scroll            |     1 |     2 |    12 |     4 ||    19
       Potion            |       |       |       |     1 ||     1
 Stab: Sleeping          |       |     1 |     1 |       ||     2
Armor: Skin              |    24 |    52 |    42 |    40 ||   158
Dodge: Dodged            |    32 |   108 |   164 |   174 ||   478
Block: Other             |       |       |    26 |    47 ||    73
       Reflection        |       |       |     5 |     1 ||     6
